 Dungeon Crawl Stone Soup version 0.19.1 (webtiles) character file.

5278 sveltemanboy the Summoner (level 10, -1/65 HPs)
             Began as a Mummy Summoner on Dec 10, 2016.
             Was an Initiate of Gozag.
             Slain by a troll (10 damage)
             ... on level 10 of the Dungeon.
             The game lasted 00:31:38 (13795 turns).

sveltemanboy the Summoner (Mummy Summoner)         Turns: 13795, Time: 00:31:39

Health: -1/65      AC: 10    Str:  9    XL:     10   Next: 36%
Magic:  19/22      EV: 10    Int: 28    God:    Gozag
Gold:   969        SH:  0    Dex: 12    Spells: 4 memorised, 3 levels left

rFire  x . .     SeeInvis .     w - +0 trident
rCold  + . .     Gourm    .     n - +0 ring mail "Evom" {rElec Str-3 Int+8 Stlth-}
rNeg   + + +     Faith    .     (no shield)
rPois  ∞         Spirit   .     v - +1 helmet
rElec  +         Reflect  .     (no cloak)
rCorr  .         Harm     .     h - +0 pair of gloves
MR     +....                    B - +1 pair of boots {run}
Stlth  ..........               (no amulet)
                                o - +2 ring of intelligence
                                g - ring of magical power

@: gold aura, quick
A: no food or potions, fire vulnerability, cold resistance 1, negative energy
resistance 3, torment resistance, unbreathing
a: Potion Petition, Call Merchant, Bribe Branch, Renounce Religion


You were on level 10 of the Dungeon.
You worshipped Gozag.
Gozag was pleased with you.
You were not hungry.

You visited 2 branches of the dungeon, and saw 11 of its levels.
You also visited: Sewer.

You collected 1757 gold pieces.
You paid 788 gold pieces to Gozag.

Inventory:

Hand Weapons
 w - a +0 trident (weapon)
Missiles
 p - 5 tomahawks (quivered)
Armour
 h - a +0 pair of gloves (worn)
 n - the +0 ring mail "Evom" (worn) {rElec Str-3 Int+8 Stlth-}
   (You found it on level 4 of the Dungeon)

   It affects your strength (-3).
   It affects your intelligence (+8).
   It insulates you from electricity.
   It makes you less stealthy.
 v - a +1 helmet (worn)
 B - a +1 pair of boots of running (worn)
Jewellery
 a - an uncursed ring of resist corrosion
 g - a ring of magical power (left hand)
 l - an uncursed ring of flight
 o - a +2 ring of intelligence (right hand)
Wands
 c - a wand of iceblast (2/15)
 j - a wand of confusion (10/48)
 q - a wand of confusion (14/48)
 s - a wand of flame (21/48)
 u - a wand of acid (3/15)
Scrolls
 d - a scroll of fog
 e - 2 scrolls of identify
 f - 2 scrolls of blinking
 i - 3 scrolls of teleportation
 k - 3 scrolls of enchant weapon
 m - 2 scrolls of amnesia
 r - 7 scrolls of remove curse
 x - a scroll of recharging
 A - 2 scrolls of fear
Books
 b - a book of Callings

   Spells                             Type                      Level
   a - Summon Small Mammal            Summoning                    1
   b - Call Imp                       Summoning                    2
   c - Call Canine Familiar           Summoning                    3
   d - Summon Guardian Golem          Hexes/Summoning              3
   e - Summon Lightning Spire         Summoning/Air                4
   f - Summon Ice Beast               Ice/Summoning                4


   Skills:
 - Level 1.0 Fighting
 + Level 6.9 Polearms
 - Level 1.0 Armour
 - Level 1.5 Dodging
 - Level 1.5 Stealth
 - Level 2.0 Spellcasting
 + Level 10.7 Summonings
 - Level 3.2 Ice Magic


You had 3 spell levels left.
You knew the following spells:

 Your Spells              Type           Power        Failure   Level  Hunger
a - Summon Small Mammal   Summ           ####         1%          1    N/A
b - Call Imp              Summ           ######..     1%          2    N/A
c - Call Canine Familiar  Summ           ######..     1%          3    N/A
d - Summon Ice Beast      Ice/Summ       #####...     17%         4    N/A

Dungeon Overview and Level Annotations

Branches:
Dungeon (10/15)            Temple (1/1) D:6
   Lair: D:8-11         Orc: D:9-12

Altars:
Ashenzari
Cheibriados
Dithmenos
Elyvilon
Fedhas
Gozag
Hepliaklqana
Kikubaaqudgha
Makhleb
Nemelex Xobeh
Okawaru
Qazlal
Ru
Sif Muna
Trog
Uskayaw
Vehumet
Xom
Yredelemnul
Zin
The Shining One

Shops:
D:5 [   D:8 *


Innate Abilities, Weirdness & Mutations

You do not eat or drink.
Your flesh is vulnerable to fire.
You are immune to poison.
Your flesh is cold resistant. (rC+)
You are immune to negative energy. (rN+++)
You are immune to unholy pain and torment.
You can survive without breathing.


Message History

The troll shouts!
Attack whom?
Press: ? - help, Dir - move target cursor, f/p - troll
Aim: a troll (lightly wounded)
You reach to attack!
You hit the troll but do no damage.
The troll is no longer distracted by gold.
The troll is lightly wounded.
Your crimson imp blinks!
You hit the troll but do no damage.
The troll is lightly wounded.
The troll bites you. The troll claws you!
* * * LOW HITPOINT WARNING * * *
The troll barely misses you.
Your wolf bites the troll.
Casting: Call Imp
Confirm with . or Enter, or press ? or * to list all spells.
A beastly little devil appears in a puff of flame.
Your wolf bites the troll.
The troll barely misses you. The troll closely misses you. The troll claws you!
You die...
Your body crumbles into a pile of gold.

..### ######### ....# #.......#
#.#.# #.......#######
#.#.###.............#########
.........(.....####.#.....h.#
#....##..........##:#)#####.#
#.....#........#.##.#.##....#
.....##.......((5...#[<.....#
....############@#######.####
###.# #T# #.# #.# #h# #.# ##+##
#.# #.# ##...## #.# #.######'#
#.....## ####.# #.##......
.......## ##.##.##### #.........
........####.....$.h.###.#.....8.
........'..........o...........[.


You could see a troll, a friendly wolf and a friendly crimson imp.

Vanquished Creatures
  Sigmund (D:4)
  2 yaks (D:9)
  3 orc warriors
  An ice beast (D:7)
  2 ogres
  3 centaurs
  2 bullfrogs
  2 scorpions (D:4)
  2 killer bees (D:8)
  3 howler monkeys
  2 crimson imps
  A bullfrog zombie (D:10)
  A quasit (D:7)
  2 centaur zombies (D:8)
  A hound (D:7)
  A gnoll shaman (D:7)
  2 orc priests
  A bullfrog skeleton (D:4)
  A worker ant (D:5)
  A gnoll (D:7)
  7 adders
  3 shadow imps
  2 oozes
  3 worms (D:3)
  A dart slug (D:1)
  6 leopard geckos
  20 orcs
  5 ball pythons
  8 bats
  7 giant cockroaches
  8 goblins
  5 hobgoblins
  A jackal (D:10)
  9 kobolds
  3 quokkas
  8 frilled lizards
  22 rats
152 creatures vanquished.

Vanquished Creatures (collateral kills)
  Erolcha (D:10)
  An unseen horror (D:10)
  A troll (D:10)
  A hornet (D:9)
  3 hippogriffs
  4 yaks (D:9)
  A soldier ant (D:9)
  5 orc warriors
  A black bear (D:8)
  An ice beast (D:5)
  4 sky beasts
  A necrophage (D:7)
  A phantom (D:8)
  2 ogres (D:5)
  2 centaurs
  A crocodile (D:9)
  2 big kobolds
  3 bullfrogs
  A gnoll sergeant (D:9)
  A scorpion (D:9)
  3 killer bees (D:8)
  An electric eel (D:10)
  A jelly (D:10)
  3 crimson imps
  5 orc priests
  3 iguanas
  2 worker ants
  9 orc wizards
  A worker ant zombie (D:10)
  6 gnolls
  6 adders
  A shadow imp (D:7)
  2 adder skeletons (D:8)
  5 worms
  A leopard gecko (Sewer)
  24 orcs
  5 giant cockroaches
  A goblin (D:1)
  3 jackals (D:10)
  2 quokkas
  A frilled lizard (Sewer)
  6 kobolds
  A leopard gecko zombie (D:6)
  3 rats
132 creatures vanquished.

Grand Total: 284 creatures vanquished

Notes
Turn   | Place    | Note
-------+----------+-------------------------------------------
     0 | D:1      | sveltemanboy the Mummy Summoner began the quest for the Orb.
     0 | D:1      | Reached XP level 1. HP: 13/13 MP: 3/3
   320 | D:1      | Reached XP level 2. HP: 19/19 MP: 5/5
   324 | D:1      | Learned a level 2 spell: Call Imp
   525 | D:1      | Reached skill level 1 in Armour
  1623 | D:2      | Found a faded altar of an unknown god.
  1638 | D:2      | Reached XP level 3. HP: 4/24 MP: 3/6
  1986 | D:2      | Reached skill level 4 in Summonings
  2263 | D:2      | Learned a level 3 spell: Call Canine Familiar
  2677 | D:3      | Reached XP level 4. HP: 21/30 MP: 7/7
  2826 | D:3      | Found a glowing drain.
  2855 | Sewer    | Entered a sewer
  3037 | Sewer    | Reached skill level 1 in Fighting
  3248 | Sewer    | Noticed a bullfrog
  3251 | Sewer    | Killed a bullfrog
  3251 | Sewer    | Reached skill level 5 in Summonings
  3251 | Sewer    | Reached XP level 5. HP: 37/37 MP: 4/8
  3976 | D:4      | Found a shimmering altar of Xom.
  3983 | D:4      | Noticed Sigmund
  4059 | D:4      | Found a deep blue altar of Sif Muna.
  4063 | D:4      | Found a shadowy altar of Dithmenos.
  4065 | D:4      | Found a glowing golden altar of the Shining One.
  4146 | D:4      | Reached XP level 6. HP: 36/43 MP: 0/9
  4222 | D:4      | Got a bloodstained ring mail
  4232 | D:4      | Reached skill level 1 in Polearms
  4244 | D:4      | Identified the +0 ring mail "Evom" {rElec Str-3 Int+8 Stlth-} (You found it on level 4 of the Dungeon)
  4512 | D:4      | Reached skill level 6 in Summonings
  4965 | D:4      | Found a bloodstained altar of Trog.
  4965 | D:4      | Found an iron altar of Okawaru.
  4967 | D:4      | Found a deep blue altar of Sif Muna.
  4967 | D:4      | Found a glowing golden altar of the Shining One.
  4967 | D:4      | Found a shadowy altar of Dithmenos.
  5072 | D:4      | Killed Sigmund
  5072 | D:4      | Reached XP level 7. HP: 48/48 MP: 3/10
  5143 | D:5      | Entered Level 5 of the Dungeon
  5342 | D:5      | Found Vyelef's Armour Boutique.
  5358 | D:5      | Reached skill level 7 in Summonings
  6497 | D:6      | Found a staircase to the Ecumenical Temple.
  6525 | Temple   | Entered the Ecumenical Temple
  6583 | Temple   | Became a worshipper of Gozag Ym Sagoz the Greedy
  6662 | D:6      | Reached XP level 8. HP: 47/54 MP: 11/11
  6793 | D:6      | Found a blossoming altar of Fedhas.
  6793 | D:6      | Found a faded altar of an unknown god.
  6799 | D:6      | Found a faded altar of an unknown god.
  6801 | D:6      | Found a faded altar of an unknown god.
  6803 | D:6      | Found a faded altar of an unknown god.
  7087 | D:7      | Noticed a hippogriff
  7607 | D:7      | Killed a hippogriff
  7607 | D:7      | Reached skill level 8 in Summonings
  8471 | D:8      | Reached skill level 9 in Summonings
  8506 | D:8      | Learned a level 4 spell: Summon Ice Beast
  8539 | D:8      | Reached XP level 9. HP: 44/59 MP: 12/12
  8794 | D:8      | Noticed a moth of wrath
  8796 | D:8      | Found a bloodstained altar of Trog.
  9109 | D:8      | Reached skill level 5 in Polearms
  9523 | D:8      | Found a glowing silver altar of Zin.
 10306 | D:9      | Reached skill level 10 in Summonings
 10652 | D:9      | Reached skill level 1 in Ice Magic
 11263 | D:9      | Found a blossoming altar of Fedhas.
 11943 | D:10     | Entered Level 10 of the Dungeon
 12054 | D:10     | Identified a +0 pair of boots of running (You found it on level 10 of the Dungeon)
 12139 | D:10     | Killed an unseen horror
 12139 | D:10     | Reached XP level 10. HP: 45/65 MP: 13/13
 12580 | D:10     | Noticed Erolcha
 12597 | D:10     | Killed Erolcha
 12853 | D:10     | Got a twisted ring mail
 12854 | D:10     | Identified the cursed +1 ring mail of Impressiveness {rCorr} (You found it on level 10 of the Dungeon)
 13285 | D:10     | Noticed a fire giant
 13795 | D:10     | Slain by a troll

Skill      XL: |  1  2  3  4  5  6  7  8  9 10 |
---------------+-------------------------------+-----
Armour         | 1 |  1.0
Summonings     | 4 5 6 7 9 10 | 10.7
Fighting       | 1 |  1.0
Polearms       | 2 3 4 6 |  6.9
Ice Magic      | 2 3 |  3.2
Dodging        | |  1.5
Stealth        | |  1.5
Spellcasting   | |  2.0

Action                   |  1- 3 |  4- 6 |  7- 9 | 10-12 || total
-------------------------+-------+-------+-------+-------++-------
Melee: Unarmed           |     7 |       |       |       ||     7
       Short sword       |   154 |   118 |   226 |       ||   498
       Trident           |       |       |   182 |    86 ||   268
 Cast: Summon Small Mamm |     7 |     1 |       |     1 ||     9
       Call Canine Famil |     2 |     5 |    35 |    11 ||    53
       Call Imp          |       |    11 |    44 |    23 ||    78
Invok: Call Merchant     |       |       |     1 |       ||     1
       Potion Petition   |       |       |       |     1 ||     1
Evoke: Wand              |       |     1 |       |     8 ||     9
  Use: Scroll            |     4 |       |     7 |     5 ||    16
 Stab: Sleeping          |     4 |     1 |       |       ||     5
       Distracted        |       |       |     8 |     2 ||    10
Armor: Robe              |    44 |    34 |       |       ||    78
       Ring mail         |       |     3 |   195 |    18 ||   216
Dodge: Dodged            |    90 |    85 |   202 |    35 ||   412
